Map: Cosmic Sapphire

Players

Mixu - Winner!

  • Race: Zerg Zerg
  • Spawn Location: 5:00

PiLiPiLi

  • Race: Protoss Protoss
  • Spawn Location: 11:00

Event: DreamHack SC2 Masters 2022 Atlanta (Offline)

VOD

Have the link to the VOD?

Description

Time

  • Played on: Nov. 18, 2022, 3:27 p.m.
  • Length: 16:59

All games in this series

Show
View Real Time Build Order
Export as new Build Order

Mixu Zerg - Winner!

Build Orders: Hatch First, Brood Lord Corruptor 

Get SALT Encoding   

  12  0:00  Drone  
  13  0:13  Overlord  
  13  0:16  Drone  
  14  0:32  Drone  
  14  0:33  Drone  
  16  0:48  Hatchery  
  15  0:51  Drone  
  15  0:54  Drone  
  17  0:57  Drone  
  18  1:08  Extractor  
  17  1:13  Spawning Pool  
  17  1:16  Drone  
  17  1:19  Drone  
  18  1:30  Drone  
  19  1:39  Drone  
  20  1:51  Overlord  
  20  2:00  Queen x2  
  24  2:03  Zergling x4  
  26  2:10  Drone  
  26  2:11  Drone  
  28  2:16  Metabolic Boost  
  28  2:21  Drone  
  28  2:22  Drone  
  30  2:34  Hatchery  
  30  2:36  Drone  
  30  2:39  Drone  
  31  2:45  Queen  
  33  2:51  Overlord  
  33  2:58  Drone x3  
  35  3:06  Overlord  
  35  3:09  Queen  
  35  3:10  Zergling x2  
  35  3:11  Zergling x2  
  39  3:13  Drone  
  39  3:15  Zergling x2  
  39  3:17  Drone  
  42  3:20  Drone  
  42  3:25  Queen  
  44  3:36  Spore Crawler  
  44  3:38  Drone x3  
  45  3:43  Drone x2  
  45  3:45  Drone  
  48  3:51  Spore Crawler  
  48  3:52  Queen  
  49  3:57  Overlord  
  49  4:00  Drone  
  49  4:01  Drone  
  51  4:04  Drone  
  51  4:07  Drone  
  51  4:08  Drone  
  55  4:14  Overlord  
  54  4:17  Drone x3  
  54  4:18  Drone  
  54  4:22  Drone x2  
  62  4:33  Roach Warren  
  62  4:36  Drone x3  
  63  4:39  Overlord  
  63  4:47  Overlord  
  63  4:48  Drone x3  
  63  4:51  Drone x2  
  65  4:53  Overlord  
  65  5:00  Zergling x4  
  65  5:02  Hatchery  
  65  5:03  Drone x4  
  65  5:06  Extractor  
  69  5:08  Drone, Extractor, Overlord  
  69  5:12  Lair  
  68  5:14  Queen  
  68  5:16  Drone  
  68  5:18  Drone  
  68  5:19  Drone  
  68  5:20  Drone x2  
  75  5:23  Drone x2  
  75  5:24  Drone  
  77  5:31  Zergling x10  
  77  5:32  Evolution Chamber  
  77  5:35  Overlord  
  81  5:36  Zergling x4  
  81  5:38  Evolution Chamber  
  81  5:39  Evolution Chamber  
  81  5:41  Zergling x2  
  82  5:44  Drone x6  
  82  5:47  Evolution Chamber  
  88  5:54  Drone x2  
  88  5:56  Drone x2  
  89  5:58  Zerg Melee Weapons Level 1  
  89  5:59  Queen  
  89  6:00  Drone x3  
  90  6:04  Overlord  
  90  6:05  Drone  
  90  6:09  Queen  
  90  6:10  Overseer  
  94  6:11  Drone  
  94  6:15  Overlord  
  94  6:16  Drone x5  
  99  6:19  Extractor x2  
  99  6:21  Queen, Extractor  
  99  6:22  Drone  
  99  6:23  Drone  
  99  6:24  Drone  
  98  6:30  Spore Crawler  
  98  6:32  Drone  
  98  6:36  Spore Crawler, Queen  
  99  6:44  Spore Crawler, Spire  
  99  6:45  Spore Crawler  
  99  6:46  Queen  
  98  6:48  Spore Crawler x2  
  98  6:49  Drone  
  98  6:50  Drone x4  
  98  6:52  Spore Crawler  
  100  6:55  Drone  
  100  6:57  Drone x3  
  100  7:00  Drone x6  
  110  7:04  Drone  
  110  7:06  Drone x4  
  113  7:11  Drone x4  
  113  7:12  Drone  
  118  7:18  Infestation Pit, Drone  
  118  7:20  Extractor x2  
  118  7:21  Queen x2  
  118  7:22  Spore Crawler  
  119  7:26  Overlord x3  
  119  7:30  Overlord  
  119  7:33  Drone  
  119  7:34  Drone x4  
  113  7:39  Drone x5  
  113  7:43  Glial Reconstitution  
  118  7:51  Overlord  
  118  7:53  Zergling x12, Baneling Nest  
  118  7:57  Zergling x2  
  124  8:03  Corruptor x2, Hive  
  124  8:05  Corruptor  
  127  8:08  Zerg Melee Weapons Level 2  
  127  8:10  Zergling x4  
  127  8:11  Zergling x2  
  132  8:13  Zergling x6  
  132  8:18  Zergling x8  
  139  8:23  Zerg Flyer Armor Level 1  
  139  8:24  Overlord  
  139  8:26  Corruptor x2  
  139  8:28  Infestor  
  139  8:32  Zergling x2  
  146  8:36  Overlord  
  146  8:38  Corruptor x2, Zergling x2  
  151  8:42  Corruptor x2  
  151  8:46  Zergling x8  
  159  8:52  Spire, Overlord  
  157  8:57  Corruptor  
  157  9:01  Zergling x16  
  160  9:07  Infestor  
  159  9:12  Roach x5  
  159  9:17  Roach x3  
  172  9:23  Roach x3  
  175  9:28  Roach  
  170  9:32  Roach x3  
  170  9:37  Roach x3  
  170  9:41  Roach x3  
  170  9:42  Roach  
  170  9:45  Roach x3  
  165  9:50  Roach  
  165  9:51  Queen  
  165  9:52  Queen  
  155  9:54  Queen  
  155  9:55  Roach  
  155  9:56  Roach x2  
  141  10:05  Roach x5  
  147  10:08  Roach  
  147  10:11  Ravager x2  
  147  10:16  Roach x2  
  147  10:19  Roach x2  
  150  10:25  Hatchery  
  145  10:29  Roach x3  
  145  10:35  Roach x2  
  143  10:37  Queen  
  143  10:38  Roach  
  143  10:42  Roach Warren  
  139  10:44  Zergling x4  
  141  10:56  Hatchery  
  140  11:02  Zergling x12  
  146  11:07  Adrenal Glands  
  146  11:08  Hatchery  
  145  11:11  Zergling x6  
  146  11:22  Centrifugal Hooks  
  146  11:25  Queen  
  148  11:27  Zergling x10  
  148  11:32  Baneling x12  
  153  11:33  Ravager x3  
  153  11:34  Ravager  
  153  11:36  Zergling x8, Ravager  
  162  11:43  Zergling x8  
  166  11:50  Roach  
  168  11:54  Overlord x2  
  168  11:56  Zergling x2  
  169  12:14  Roach x8  
  176  12:16  Corruptor x2  
  176  12:21  Roach x2  
  173  12:30  Roach x4  
  177  12:39  Zergling x8  
  177  12:41  Queen  
  181  12:47  Zergling x8  
  181  12:48  Queen x3  
  187  12:55  Greater Spire, Drone x3  
  190  13:03  Drone x4  
  190  13:04  Overlord  
  183  13:13  Drone  
  183  13:19  Corruptor x6  
  182  13:20  Overlord x2  
  182  13:22  Overseer  
  182  13:25  Ravager  
  187  13:42  Drone x3  
  187  13:46  Extractor, Zerg Flyer Armor Level 2  
  189  13:50  Hatchery, Extractor  
  187  13:56  Extractor  
  187  14:01  Spore Crawler  
  185  14:04  Spine Crawler  
  183  14:12  Spore Crawler, Infestor x2  
  183  14:13  Spore Crawler  
  193  14:20  Spore Crawler x2  
  193  14:22  Spore Crawler x4  
  184  14:27  Brood Lord  
  184  14:29  Brood Lord  
  184  14:30  Brood Lord x3  
  185  14:32  Drone x4  
  185  14:34  Drone x3, Spine Crawler x3  
  189  14:40  Brood Lord  
  189  14:43  Drone x3, Extractor  
  193  14:47  Corruptor  
  193  14:50  Unknown  
  193  14:51  Hatchery  
  193  14:58  Viper x2  
  197  15:05  Zergling x4  
  199  15:23  Hatchery  
  199  15:28  Corruptor  
  196  15:39  Corruptor x2  
  196  15:40  Spore Crawler x2  
  196  15:41  Spore Crawler  
  197  15:47  Overseer x2  
  197  15:48  Pneumatized Carapace  
  197  15:57  Corruptor x3  
  197  15:58  Viper  
  197  16:01  Corruptor x4  
  196  16:06  Zergling x10  
  198  16:24  Corruptor x2  
  198  16:25  Corruptor x3  
  199  16:30  Corruptor  
  199  16:41  Extractor  
Show
View Real Time Build Order
Export as new Build Order

PiLiPiLi Protoss 

Build Orders: 1 Gate Expand, Oracle Opening, Phoenix Opening, Carriers 

Get SALT Encoding   

  12  0:00  Probe  
  13  0:12  Probe  
  14  0:20  Pylon  
  14  0:24  Probe  
  15  0:38  Probe (Chrono Boost), Gateway  
  16  0:48  Assimilator  
  16  0:49  Probe (Chrono Boost)  
  17  0:53  Probe (Chrono Boost)  
  18  1:04  Probe  
  19  1:16  Probe  
  20  1:24  Nexus  
  20  1:35  Cybernetics Core  
  20  1:38  Probe  
  21  1:44  Assimilator  
  21  1:50  Probe  
  21  1:53  Pylon  
  22  2:02  Probe  
  23  2:09  Adept (Chrono Boost)  
  23  2:15  Probe  
  26  2:17  Stargate  
  26  2:25  Warp Gate (Chrono Boost)  
  26  2:27  Probe  
  27  2:31  Adept (Chrono Boost)  
  29  2:39  Probe  
  29  2:43  Probe  
  32  2:51  Probe  
  32  2:54  Adept  
  34  3:00  Probe  
  34  3:01  Oracle (Chrono Boost)  
  38  3:11  Probe  
  39  3:14  Probe  
  39  3:16  Gateway  
  39  3:19  Pylon  
  40  3:23  Probe  
  40  3:26  Probe  
  42  3:35  Probe  
  42  3:38  Probe  
  42  3:40  Phoenix  
  42  3:42  Assimilator  
  42  3:45  Shield Battery  
  42  3:48  Probe  
  43  3:50  Probe  
  44  3:57  Assimilator  
  44  4:00  Probe  
  45  4:02  Probe  
  46  4:12  Probe  
  46  4:13  Adept  
  46  4:15  Probe  
  50  4:21  Adept  
  50  4:23  Pylon  
  52  4:24  Probe  
  52  4:27  Probe  
  54  4:39  Stargate  
  54  4:40  Nexus, Stargate  
  54  4:41  Probe x2  
  54  4:43  Pylon  
  56  4:54  Adept x2  
  56  4:56  Probe  
  56  4:59  Probe  
  62  5:01  Phoenix  
  62  5:03  Pylon  
  64  5:11  Probe  
  65  5:14  Protoss Air Weapons Level 1  
  65  5:15  Adept x2, Shield Battery  
  65  5:16  Probe  
  74  5:29  Phoenix (Chrono Boost)  
  74  5:30  Phoenix (Chrono Boost)  
  74  5:32  Phoenix (Chrono Boost)  
  76  5:35  Pylon  
  76  5:39  Probe x2  
  78  5:51  Phoenix x2 (Chrono Boost), Probe  
  81  5:58  Probe  
  81  6:00  Adept x2, Probe  
  81  6:01  Phoenix (Chrono Boost)  
  81  6:04  Probe  
  80  6:11  Phoenix (Chrono Boost)  
  80  6:12  Phoenix (Chrono Boost)  
  80  6:15  Probe  
  80  6:16  Probe  
  86  6:21  Pylon  
  88  6:26  Probe  
  88  6:29  Probe  
  88  6:31  Phoenix (Chrono Boost), Assimilator  
  88  6:32  Phoenix (Chrono Boost)  
  92  6:33  Assimilator  
  92  6:34  Probe  
  92  6:36  Phoenix (Chrono Boost)  
  95  6:41  Probe  
  95  6:45  Forge  
  96  6:48  Twilight Council  
  96  6:59  Probe  
  96  7:01  Phoenix  
  97  7:07  Protoss Ground Weapons Level 1 (Chrono Boost)  
  97  7:16  Robotics Facility  
  97  7:19  Gateway  
  97  7:20  Gateway  
  97  7:21  Probe x2  
  99  7:22  Gateway  
  99  7:25  Gateway  
  99  7:27  Gateway  
  99  7:28  Gateway  
  95  7:40  Sentry, Probe  
  95  7:41  Probe  
  95  7:43  Gateway  
  99  7:44  Gateway  
  99  7:45  Charge (Chrono Boost)  
  99  7:46  Gateway  
  99  7:47  Templar Archives, Photon Cannon, Pylon  
  99  8:01  Pylon  
  99  8:03  Warp Prism (Chrono Boost), Pylon  
  101  8:19  Zealot x2  
  105  8:20  Zealot x3  
  111  8:32  Observer  
  112  8:35  High Templar x2  
  112  8:36  High Templar  
  112  8:40  Zealot, High Templar  
  112  8:41  Nexus, Zealot x3  
  124  8:42  Archon, Pylon  
  124  8:45  Pylon  
  124  8:47  Archon  
  128  8:49  Zealot x2  
  128  8:54  Pylon  
  132  8:58  Immortal (Chrono Boost)  
  136  9:09  High Templar x4  
  144  9:10  Zealot  
  144  9:11  Zealot  
  144  9:12  Protoss Ground Weapons Level 2 (Chrono Boost)  
  144  9:15  Archon  
  148  9:25  Archon  
  148  9:28  Zealot x5  
  148  9:30  Immortal (Chrono Boost)  
  150  9:43  Zealot x5  
  132  10:03  Zealot  
  132  10:04  Zealot x10, Warp Prism (Chrono Boost)  
  150  10:08  Nexus  
  146  10:17  Photon Cannon  
  146  10:19  Shield Battery  
  146  10:24  Psionic Storm  
  136  10:32  Immortal (Chrono Boost)  
  136  10:34  High Templar x4  
  116  10:50  Zealot, High Templar x2  
  116  10:51  Zealot x2  
  110  11:00  Probe x2  
  110  11:01  Archon  
  110  11:02  High Templar x2  
  110  11:03  Photon Cannon  
  116  11:04  Immortal (Chrono Boost)  
  116  11:08  Zealot x4  
  116  11:10  Photon Cannon  
  128  11:15  Archon  
  124  11:20  High Templar x2  
  128  11:36  Protoss Shields Level 1  
  128  11:38  Observer (Chrono Boost)  
  129  11:51  Zealot  
  129  11:52  Zealot x8  
  147  11:55  Fleet Beacon  
  145  12:12  Archon  
  127  12:18  Immortal (Chrono Boost)  
  115  12:27  Zealot x7  
  115  12:28  Zealot  
  123  12:44  Carrier (Chrono Boost), Assimilator  
  141  12:45  Carrier x2 (Chrono Boost)  
  141  12:46  Probe x3  
  141  12:47  Immortal (Chrono Boost), Assimilator  
  140  12:53  Zealot x6  
  140  12:54  Zealot  
  154  13:10  Archon  
  154  13:12  Zealot x4  
  158  13:16  High Templar  
  158  13:17  Zealot x3, High Templar x3  
  164  13:27  Pylon  
  150  13:39  Carrier (Chrono Boost)  
  156  13:41  Photon Cannon  
  156  13:47  Carrier (Chrono Boost)  
  162  13:50  Zealot x3  
  162  13:51  Zealot x3  
  174  13:57  Carrier (Chrono Boost)  
  178  14:13  Zealot  
  180  14:17  Pylon  
  180  14:19  Pylon  
  180  14:20  Pylon  
  180  14:21  Protoss Air Weapons Level 2  
  170  14:27  Carrier (Chrono Boost)  
  170  14:29  High Templar  
  176  14:42  Pylon  
  175  14:57  Carrier (Chrono Boost)  
  175  14:59  High Templar x2  
  185  15:00  High Templar x2  
  185  15:04  Archon  
  185  15:05  Archon  
  173  15:07  Nexus  
  173  15:08  Immortal (Chrono Boost)  
  171  15:17  Photon Cannon  
  171  15:18  Shield Battery  
  173  15:37  Void Ray x2 (Chrono Boost)  
  165  15:43  Zealot  
  167  15:50  Zealot x2  
  171  16:04  Void Ray (Chrono Boost)  
  173  16:06  Zealot  
  179  16:12  Void Ray (Chrono Boost)  
  143  16:26  High Templar x4  
  143  16:27  High Templar x2  
  108  16:43  Stalker x5  
Tags
 
Add a new tag
Caveats
  • Supply blocks, unpowered buildings, or Contaminate may cause inaccurate times.
  • Supply counts are checked every 10 seconds.